 Dungeon Crawl Stone Soup version 0.21.1-1-g345015f (webtiles) character file.

1724 inc the Poker (level 9, -4/61 HPs)
             Began as an Octopode Ice Elementalist on June 17, 2018.
             Was an Initiate of Gozag.
             Killed by divine providence
             ... invoked by an orc priest
              (13 damage)
             ... on level 6 of the Dungeon.
             The game lasted 00:08:22 (5570 turns).

inc the Poker (Octopode Ice Elementalist)           Turns: 5570, Time: 00:08:23

Health: -4/61      AC:  1    Str:  7    XL:     9   Next: 4%
Magic:  14/14      EV: 19    Int: 20    God:    Gozag
Gold:   567        SH:  0    Dex: 18    Spells: 11/15 levels left

rFire    . . .     SeeInvis .   a - +3 halberd (protect)
rCold    . . .     Gourm    .   (shield currently unavailable)
rNeg     . . .     Faith    .   (helmet restricted)
rPois    .         Spirit   .   o - amulet of regeneration
rElec    .         Reflect  .   i - ring of stealth
rCorr    .         Harm     .   (no ring)
MR       .....                  (no ring)
Stlth    +++++.....             (no ring)
HPRegen  0.60/turn              (no ring)
MPRegen  0.14/turn              (no ring)
                                (no ring)
                                (no ring)

@: agile, gold aura
A: almost no armour, stealthy swim, amphibious, 8 rings, constrict 8, camouflage
1, gelatinous body 1
a: Potion Petition, Call Merchant, Bribe Branch, Renounce Religion


You were on level 6 of the Dungeon.
You worshipped Gozag.
Gozag was pleased with you.
You were not hungry.

You visited 2 branches of the dungeon, and saw 7 of its levels.

You collected 669 gold pieces.
You paid 102 gold pieces to Gozag.

Inventory:

Hand Weapons
 a - a +3 halberd of protection (weapon)
 b - the +9 spear of Exkenaef {holy, rC+ SInv}
   (You found it on level 4 of the Dungeon)

   It has been blessed by the Shining One to cause great damage to the undead
   and demons.
   It protects you from cold.
   It lets you see invisible.
 f - a +0 short sword
Jewellery
 i - a ring of stealth (left tentacle)
 l - an uncursed amulet of guardian spirit {unknown}
 o - an amulet of regeneration (around mantle)
Scrolls
 g - 11 scrolls of remove curse
 j - 2 scrolls of identify
 k - 2 scrolls of noise {unknown}
 q - a scroll of amnesia
 r - a scroll of random uselessness
 t - a scroll of magic mapping {unknown}
Potions
 d - a potion of might {unknown}
 e - a potion of lignification {unknown}
 m - a potion of magic {unknown}
 p - 2 potions of agility
 s - 2 potions of curing {unknown}
 u - 3 potions of haste
Books
 h - a book of Frost

   Spells                             Type                      Level
   a - Freeze                         Ice                          1
   b - Throw Frost                    Conjuration/Ice              2
   c - Ozocubu's Armour               Charms/Ice                   3
   d - Throw Icicle                   Conjuration/Ice              4
   e - Summon Ice Beast               Ice/Summoning                4
 n - a book of Conjurations

   Spells                             Type                      Level
   a - Magic Dart                     Conjuration                  1
   b - Searing Ray                    Conjuration                  2
   c - Dazzling Spray                 Conjuration/Hexes            3
   d - Fulminant Prism                Conjuration/Hexes            4
   e - Force Lance                    Conjuration/Translocation    4
   f - Iskenderun's Mystic Blast      Conjuration                  4
Comestibles
 c - 6 rations


   Skills:
 - Level 5.0 Fighting
 + Level 6.8 Polearms
 - Level 2.0 Dodging
 - Level 2.6 Stealth
 - Level 3.9 Spellcasting
   Level 1.0 Conjurations
 - Level 4.8 Charms
 - Level 4.4 Ice Magic


You had 11 spell levels left.
You knew the following spells:

 Your Spells              Type           Power        Failure   Level  Hunger
a - Freeze                Ice            ###.         1%          1    None
b - Ozocubu's Armour      Chrm/Ice       ###.....     6%          3    ###....


Dungeon Overview and Level Annotations

Branches:
Dungeon (6/15)             Temple (1/1) D:5

Altars:
Ashenzari
Cheibriados
Dithmenos
Elyvilon
Fedhas
Gozag
Hepliaklqana
Kikubaaqudgha
Makhleb
Okawaru
Qazlal
Ru
Sif Muna
Trog
Uskayaw
Vehumet
Wu Jian
Yredelemnul
Zin
The Shining One


Innate Abilities, Weirdness & Mutations

You cannot wear most types of armour.
You are very stealthy in the water. (Stealth+)
You are amphibious.
You can wear up to eight rings at the same time.
You can use your tentacles to constrict eight enemies at once.
Your skin changes colour to match your surroundings (Stealth+).
Your rubbery body absorbs attacks. (AC +1, EV +1)


Message History

You reach to attack!
You hit the centaur.
Your weapon exudes an aura of protection.
The centaur is lightly wounded.
The centaur is distracted by the nearby gold.
Attack whom?
Press: ? - help, Dir - move target cursor, f - orc priest, p - centaur
Aim: an orc priest, wielding a morningstar and wearing a glowing leather armour (severely wounded)
You closely miss the orc priest.
The centaur shouts!
Your grab misses the orc priest.
The orc priest is severely wounded.
The orc priest hits you with a morningstar.
* * * LOW HITPOINT WARNING * * *
Unknown command.
It was a potion of agility.
You feel agile all of a sudden.
The orc priest invokes the aid of Beogh against you.
Beogh smites you!
You die...
Your body crumbles into a pile of gold.

#./.....# #....
#.......# #....
#.......# #####
#.......# ...
#(......# ...
#.$.....# ...
#.($....#+#### ...
#+##..(.........#
...
....(...(o@c.....#
...
.....#######.....#
### ...... .....#
...... ...# ......
..# ..... .# #


You could see a centaur and an orc priest.

Vanquished Creatures
  Menkaure (D:5)
  A sky beast (D:6)
  An ice beast (D:6)
  The ghost of Cryoshakespeare the Ruffian, an amateur OgTm (D:3)
  2 ogres
  A phantom (D:5)
  A centaur (D:6)
  2 bullfrogs (D:6)
  2 scorpions
  3 crimson imps
  A bullfrog zombie (D:5)
  A centaur zombie (D:6)
  A bullfrog skeleton (D:5)
  2 hounds
  3 orc priests
  4 orc wizards
  2 iguanas
  2 worker ants (D:5)
  A killer bee zombie (D:5)
  A gnoll (D:1)
  A howler monkey skeleton (D:5)
  7 adders
  A shadow imp (D:6)
  An ooze (D:2)
  2 adder skeletons (D:4)
  2 worms
  6 dart slugs
  5 leopard geckos
  8 orcs
  3 giant cockroaches (D:1)
  6 goblins
  4 jackals (D:2)
  2 quokkas
  A ball python (D:1)
  2 bats (D:3)
  8 frilled lizards
  8 kobolds
  13 rats
113 creatures vanquished.

Vanquished Creatures (others)
  2 plants (D:4)
2 creatures vanquished.

Grand Total: 115 creatures vanquished

Notes
Turn   | Place    | Note
-------+----------+-------------------------------------------
     0 | D:1      | inc the Octopode Ice Elementalist began the quest for the Orb.
     0 | D:1      | Reached XP level 1. HP: 11/11 MP: 3/3
   150 | D:1      | Reached XP level 2. HP: 16/17 MP: 5/5
   801 | D:1      | Reached XP level 3. HP: 20/21 MP: 6/6
   894 | D:1      | Learned a level 3 spell: Ozocubu's Armour
  1303 | D:2      | Reached skill level 1 in Fighting
  1373 | D:2      | Reached skill level 1 in Charms
  1373 | D:2      | Reached XP level 4. HP: 11/28 MP: 7/7
  2100 | D:3      | Noticed Cryoshakespeare's ghost (amateur OgTm)
  2304 | D:4      | Reached XP level 5. HP: 35/35 MP: 8/8
  2344 | D:4      | Got a twisted spear
  2351 | D:4      | Identified the +9 spear of Exkenaef {holy, rC+ SInv} (You found it on level 4 of the Dungeon)
  2358 | D:4      | Noticed an ogre
  2364 | D:4      | Killed an ogre
  2364 | D:4      | Reached XP level 6. HP: 42/42 MP: 5/9
  2637 | D:5      | Entered Level 5 of the Dungeon
  2777 | D:5      | Noticed a phantom
  2799 | D:5      | Killed a phantom
  2799 | D:5      | Reached XP level 7. HP: 37/49 MP: 10/10
  2830 | D:5      | Noticed Menkaure
  2839 | D:5      | Killed Menkaure
  2889 | D:5      | Reached skill level 5 in Fighting
  2938 | D:5      | Found a staircase to the Ecumenical Temple.
  2973 | Temple   | Entered the Ecumenical Temple
  3010 | Temple   | Became a worshipper of Gozag Ym Sagoz the Greedy
  3490 | D:5      | Reached XP level 8. HP: 30/55 MP: 6/13
  3746 | D:4      | Reached skill level 1 in Polearms
  4013 | D:4      | Found a hide-covered altar of Uskayaw.
  4026 | D:4      | Reached skill level 2 in Polearms
  4614 | D:3      | Killed Cryoshakespeare's ghost
  4614 | D:3      | Reached skill level 3 in Polearms
  5145 | D:6      | Reached skill level 4 in Polearms
  5211 | D:6      | Reached skill level 5 in Polearms
  5254 | D:6      | Found a basalt altar of Yredelemnul.
  5412 | D:6      | Reached skill level 6 in Polearms
  5507 | D:6      | Reached XP level 9. HP: 51/61 MP: 14/14
  5570 | D:6      | Killed from afar by an orc priest

Skill      XL: |  1  2  3  4  5  6  7  8 |
---------------+-------------------------+-----
Ice Magic      | 4 |  4.4
Fighting       | 1 2 3 4 5 |  5.0
Charms         | 1 2 3 4 |  4.8
Spellcasting   | 3 |  3.9
Polearms       | 6 |  6.8
Dodging        | |  2.0
Stealth        | |  2.6
Conjurations   | |  1.0

Action                   |  1- 3 |  4- 6 |  7- 9 || total
-------------------------+-------+-------+-------++-------
Melee: Unarmed           |    24 |       |       ||    24
       Constrict         |    10 |    12 |    22 ||    44
       Tentacles         |     5 |    10 |    21 ||    36
       Short sword       |     9 |       |       ||     9
       Halberd           |    34 |    62 |   142 ||   238
       Spear             |       |    15 |    13 ||    28
 Cast: Freeze            |     5 |       |       ||     5
       Ozocubu's Armour  |       |     2 |     5 ||     7
  Use: Scroll            |       |     9 |       ||     9
       Potion            |       |       |     1 ||     1
 Stab: Sleeping          |    13 |    12 |    17 ||    42
       Distracted        |       |       |     1 ||     1
  Eat: Chunk             |     1 |     5 |       ||     6
       Ration            |       |       |     4 ||     4
Armor: Skin              |     7 |     8 |    31 ||    46
Dodge: Dodged            |    36 |    28 |    88 ||   152
